 Dungeon Crawl Stone Soup version 0.17.0-56-gd8de76c (webtiles) character file.

64 Ijustatesigmund the Magician (level 3, -2/19 HPs)
             Began as a Deep Elf Wizard on Dec 6, 2015.
             Killed from afar by an orc wizard (7 damage)
             ... with a magic dart
             ... on level 3 of the Dungeon.
             The game lasted 00:04:22 (1841 turns).

Ijustatesigmund the Magician (Deep Elf Wizard)      Turns: 1841, Time: 00:04:23

Health: -2/19      AC:  2    Str:  4    XL:     3   Next: 91%
Magic:  5/11       EV: 13    Int: 23    God:
Gold:   86         SH:  0    Dex: 13    Spells: 4 memorised, 4 levels left

rFire  . . .     SeeInvis .     g - +0 dagger
rCold  . . .     Clarity  .     a - +0 robe
rNeg   . . .     SustAt   .     (no shield)
rPois  .         Gourm    .     b - +0 hat
rElec  .         Spirit   .     (no cloak)
rCorr  .         Warding  .     (no gloves)
rMut   .         Stasis   .     (no boots)
MR     .....                    (no amulet)
Stlth  ++........               (no ring)
                                (no ring)

@: very slightly contaminated, repel missiles, not resistant to hostile
enchantments, unstealthy
A: no striking features
a: no special abilities


You were on level 3 of the Dungeon.
You were hungry.

You visited 1 branch of the dungeon, and saw 3 of its levels.

You collected 86 gold pieces.

Inventory:

Hand Weapons
 g - a +0 dagger (weapon)
Armour
 a - a +0 robe (worn)
 b - a +0 hat (worn)
Wands
 n - a wand of draining (8)
Scrolls
 i - a scroll of immolation {unknown}
 j - a scroll of magic mapping {unknown}
 k - 2 scrolls of teleportation {unknown}
 m - 2 scrolls of amnesia {unknown}
 o - a scroll of recharging {unknown}
Potions
 e - a potion of ambrosia {unknown}
 f - 2 potions of agility {unknown}
 h - a potion of heal wounds {unknown}
Books
 c - a book of Minor Magic

   Spells                             Type                      Level
   a - Magic Dart                     Conjuration                  1
   b - Blink                          Translocation                2
   c - Call Imp                       Summoning                    2
   d - Repel Missiles                 Charms/Air                   2
   e - Slow                           Hexes                        2
   f - Conjure Flame                  Conjuration/Fire             3
   g - Mephitic Cloud                 Conjuration/Poison/Air       3
Comestibles
 d - 2 bread rations
 l - a beef jerky


   Skills:
 + Level 3.6 Dodging
 - Level 2.4 Stealth
 + Level 5.2 Spellcasting
 + Level 2.5 Conjurations
   Level 1.1 Summonings
 - Level 1.1 Translocations


You had 4 spell levels left.
You knew the following spells:

 Your Spells              Type           Power        Failure   Level  Hunger
a - Magic Dart            Conj           ###.         3%          1    None
b - Blink                 Tloc           N/A          12%         2    None
c - Repel Missiles        Chrm/Air       #.....       17%         2    None
d - Mephitic Cloud        Conj/Pois/Air  #.......     21%         3    ##.....


Dungeon Overview and Level Annotations

Branches:
Dungeon (3/15)

Altars:
Ashenzari
Dithmenos
Kikubaaqudgha
Zin


Message History

Aiming: Magic Dart
Press: ? - help, Shift-Dir - straight line, f/p - orc wizard
Aim: an orc wizard, wielding a dagger and wearing a robe (moderately wounded, fast)
The magic dart hits the orc wizard.
The orc wizard is heavily wounded.
The orc shouts!
The orc wizard gestures at you while chanting.
The magic dart hits you!
* * * LOW HITPOINT WARNING * * *
The orc moves out of view.
Casting: Magic Dart
Confirm with . or Enter, or press ? or * to list all spells.
Aiming: Magic Dart
Press: ? - help, Shift-Dir - straight line, f/p - orc wizard
Aim: an orc wizard, wielding a dagger and wearing a robe (heavily wounded, fast)
The magic dart hits the orc wizard.
The orc wizard is heavily wounded.
The orc wizard gestures at you while chanting.
The magic dart hits you!
You die...

#.......#
........# ..>#.
#.......# ....
........# .o.#
#.....).# ...#
#.......# ...#
.#.###### ...
...# #####'#
.#######
#...@.#
........
#.#####
.#######.# #.#
.........# #.#
#############.#
..............#
###############


You could see an orc wizard.

Vanquished Creatures
  2 adders (D:2)
  An ooze (D:1)
  An orc (D:3)
  3 bats
  5 giant cockroaches
  4 hobgoblins (D:1)
  2 jackals (D:1)
  3 giant geckos
  2 giant newts (D:1)
  6 goblins
  4 kobolds
  5 rats
38 creatures vanquished.

Notes
Turn   | Place    | Note
--------------------------------------------------------------
     0 | D:1      | Ijustatesigmund the Deep Elf Wizard began the quest for the Orb.
     0 | D:1      | Reached XP level 1. HP: 10/10 MP: 7/7
    92 | D:1      | Found a shattered altar of Ashenzari.
   215 | D:1      | Reached XP level 2. HP: 7/15 MP: 0/9
   298 | D:1      | Learned a level 2 spell: Blink
   301 | D:1      | Learned a level 2 spell: Repel Missiles
  1063 | D:1      | Reached XP level 3. HP: 19/19 MP: 6/11
  1068 | D:1      | Learned a level 3 spell: Mephitic Cloud
  1365 | D:2      | Reached skill level 5 in Spellcasting
  1427 | D:2      | Found a glowing silver altar of Zin.
  1479 | D:2      | Found an ancient bone altar of Kikubaaqudgha.
  1636 | D:3      | Found a shadowy altar of Dithmenos.
  1841 | D:3      | Killed from afar by an orc wizard

Action                   || total
-------------------------++-------
Melee: Unarmed           ||     3
       Dagger            ||     3
 Cast: Magic Dart        ||   108
       Repel Missiles    ||     2
  Use: Scroll            ||     1
  Eat: Chunk             ||     2
